 Dungeon Crawl Stone Soup version 0.31-a0-986-g5e6e4ef867 (webtiles) character file.

Game seed: 9713535729115236900

427 Demosthentine the Ducker (level 6, -1/48 HPs)
             Began as a Demonspawn Gladiator on Nov 4, 2023.
             Slain by a gnoll
             ... wielding a +0 halberd
              (6 damage)
             ... on level 3 of the Dungeon.
             The game lasted 00:03:26 (2305 turns).

Demosthentine the Ducker (Demonspawn Gladiator)     Turns: 2305, Time: 00:03:26

Health: -1/48      AC:  5    Str: 16    XL:     6   Next: 65%
Magic:  6/6        EV: 13    Int:  9    God:
Gold:   101        SH:  0    Dex: 15    Spells: 5/5 levels left

rFire   . . .        a - +0 trident (freeze)
rCold   . . .        (no shield)
rNeg    . . .        b - +0 leather armour
rPois   .            (helmet restricted)
rElec   .            (no cloak)
rCorr   .            (no gloves)
SInv    .            (no boots)
Will    .....        (no amulet)
Stlth   +            (no ring)
HPRegen 0.28/turn    (no ring)
MPRegen 0.10/turn

%: no passive effects
@: no status effects
A: antennae 1, molten scales 1, demonic magic 1
a: no special abilities


You were on level 3 of the Dungeon.
You visited 1 branch of the dungeon, and saw 3 of its levels.

You collected 101 gold pieces.

Inventory:

Hand Weapons
 a - a +0 trident of freezing (weapon)
Missiles
 d - 2 throwing nets (quivered)
 e - a javelin
Armour
 b - a +0 leather armour (worn)
Scrolls
 f - a scroll of brand weapon
 h - 3 scrolls of identify
 k - a scroll of silence {unknown}
Potions
 g - a potion of mutation


   Skills:
 + Level 3.9 Fighting
 + Level 4.1 Polearms
 - Level 1.7 Throwing
 + Level 2.9 Armour
 + Level 4.1 Dodging


You had 5 spell levels left.
You didn't know any spells.
Your spell library contained the following spells:

 Spells                   Type           Power      Damage    Failure   Level
 Sting                    Tmut/Pois      0%         1d3       43%         1
 Poisonous Vapours        Pois/Air       0%         N/A       58%         2
 Olgreb's Toxic Radiance  Pois           0%         N/A       99%         4


Dungeon Overview and Level Annotations

Branches:
Dungeon (3/15)

Altars:


Innate Abilities, Weirdness & Mutations

You have a pair of small antennae on your head.
You are partially covered in molten scales. (AC +2)
Spells you cast may paralyse adjacent enemies.


Message History

A gnoll is nearby!
A gnoll is nearby!
A gnoll is nearby!
A gnoll is nearby!
The gnoll shouts!
A gnoll comes into view. It is wielding a +0 spear.
Reach: a) +0 trident (freeze)
Press: ? - help, Dir - move target, f - gnoll
Aim: a gnoll, wielding a +0 whip (about 36% to evade your +0 trident of freezing)
You reach to attack!
You hit the gnoll but do no damage.
Your attacks no longer feel as feeble.
Unknown command.
The gnoll shouts!
You hit the gnoll. You freeze the gnoll.
The gnoll is moderately wounded.
You hear a shout! x2
The gnoll hits you with a +0 whip.
* * * LOW HITPOINT WARNING * * *
Okay, then.
Blink to where?
Press: ? - help, Dir - move target, p - gnoll
As you read the scroll of blinking, it crumbles to dust.
As you open the door, it creaks loudly!
The gnoll bouda shouts!
You hear a shout! x2
The gnoll bouda barks out a call to the hunt!
There is an open door here.
An orc comes into view. It is wielding a +0 whip.
The orc shouts!
The gnoll shouts!
The gnoll bouda hits you with a +0 club.
* * * LOW HITPOINT WARNING * * *
The gnoll closely misses you.
The gnoll bouda attacks as it pursues you!
The gnoll bouda barely misses you.
Unknown command.
The gnoll hits you with a +0 halberd.
* * * LOW HITPOINT WARNING * * *
You see here a +0 robe.
The gnoll hits you from afar with a +0 halberd.
You die...

.............#.#
.....##...g.##o#
.....++).....#'######
.....##.............#
.....##......o......#
.....##[............#
.....##†...|........#
.....)..........g[..#
..#######.......@.g.#
... ................# ..
................# ..
##..............########
..................)gg..#
....##################.#
.... #.# ... #.# .. #.#


You could see a gnoll bouda, an orc wizard, 2 gnolls and an orc.

Vanquished Creatures
  Pargi (D:3)
  3 howler monkeys (D:3)
  A hound (D:3)
  An orc wizard (D:3)
  Robin (D:3)
  An adder (D:3)
  4 gnolls (D:3)
  2 dart slugs (D:1)
  13 orcs (D:3)
  2 endoplasms (D:2)
  2 giant cockroaches (D:1)
  6 hobgoblins
  11 jackals (D:3)
  4 kobolds
  2 quokkas
  8 ball pythons
  6 bats
  2 frilled lizards
  12 goblins
  6 rats
88 creatures vanquished.

Notes
Turn   | Place    | Note
-------+----------+-------------------------------------------
     0 | D:1      | Demosthentine the Demonspawn Gladiator began the quest for
                  | the Orb.
     0 | D:1      | Reached XP level 1. HP: 16/16 MP: 1/1
    95 | D:1      | You fall into a shaft and drop 1 floor!
   300 | D:2      | Found a faded altar of an unknown god.
   370 | D:2      | Gained mutation: You have a pair of small antennae on your
                  | head. [demonic ancestry]
   370 | D:2      | Reached XP level 2. HP: 22/22 MP: 2/2
   714 | D:1      | Reached skill level 1 in Armour
   833 | D:1      | Gained mutation: You are partially covered in molten
                  | scales. (AC +2) [demonic ancestry]
   833 | D:1      | Reached XP level 3. HP: 25/28 MP: 3/3
  1769 | D:3      | Noticed Pargi
  1787 | D:3      | Killed Pargi
  1788 | D:3      | Gained mutation: Spells you cast may paralyse adjacent
                  | enemies. [demonic ancestry]
  1788 | D:3      | Reached XP level 4. HP: 19/35 MP: 4/4
  1788 | D:3      | Reached XP level 5. HP: 22/41 MP: 5/5
  2072 | D:3      | Noticed Robin
  2087 | D:3      | Reached XP level 6. HP: 47/47 MP: 6/6
  2117 | D:3      | Killed Robin
  2305 | D:3      | Slain by a gnoll

Illustrated notes

Levels and vault maps discovered:
D:1:      dpeg_arrival_leaves_temple_mockup, layout_basic
D:2:      layout_basic, chequers_ecumenical_altar_island
D:3:      lemuel_castle_with_subvaults [lemuel_castle_interior_carwin_2],
          layout_basic, uniq_robin, uniq_sigmund, uniq_pargi

Skill      XL: |  1  2  3  4  5  6 |
---------------+-------------------+-----
Armour         | 1 2 |  2.9
Polearms       | 3 4 |  4.1
Dodging        | 3 4 |  4.1
Fighting       | 3 |  3.9
Throwing       | |  1.7

Action                     |  1- 3 |  4- 6 || total
---------------------------+-------+-------++-------
  Melee: Trident           |    88 |   144 ||   232
         Punch             |     1 |     1 ||     2
  Throw: Throwing net      |     1 |       ||     1
    Use: Scroll            |     8 |     2 ||    10
         Potion            |       |     2 ||     2
 Armour: Leather armour    |    60 |    96 ||   156
         Skin              |       |   177 ||   177
  Dodge: Dodged            |    54 |   146 ||   200

Table legend: (Time is in decaauts)
 A = Elapsed time spent in this place.
 B = Non-inter-level travel time spent in this place.
 C = Inter-level travel time spent in this place.
 D = Time resting spent in this place.
 E = Time spent auto-exploring this place.
 F = Levels seen in this place.
 G = Mean time per level.
                   A        B        C        D        E       F      G
               +--------+--------+--------+--------+--------+-----+--------+
         Total |   2339 |   2289 |     50 |    261 |   1499 |   3 |  779.7 |
       Dungeon |   2339 |   2289 |     50 |    261 |   1499 |   3 |  779.7 |
               +--------+--------+--------+--------+--------+-----+--------+

Top non-repeatable levels by time:
     D:3: 846 daAuts
     D:2: 757 daAuts
     D:1: 735 daAuts
